 Dungeon Crawl Stone Soup version 0.29-a0-1027-gcd8c55af63 (webtiles) character file.

Game seed: 8424438198226346152

100 Mesmaeker13 the Ducker (level 5, 0/35 HPs)
             Began as a Djinni Fire Elementalist on Aug 12, 2022.
             Slain by an orc wizard
             ... wielding a +0 quarterstaff
              (7 damage)
             ... on level 3 of the Dungeon.
             The game lasted 00:02:36 (2472 turns).

Mesmaeker13 the Ducker (Djinni Fire Elementalist)   Turns: 2472, Time: 00:02:36

Health: 0/35       AC:  3    Str:  7    XL:     5   Next: 3%
Gold:   100        EV: 13    Int: 19    God:
                   SH:  0    Dex: 13

rFire   + + .      SeeInvis .   e - +2 dagger (drain)
rCold   x . .      Faith    .   (no shield)
rNeg    . . .      Spirit   .   a - +1 robe
rPois   ∞          Reflect  .   (no helmet)
rElec   .          Harm     .   (no cloak)
rCorr   .          Rampage  .   (no gloves)
Will    .....                   (boots unavailable)
Stlth   +.........              (no amulet)
HPRegen 0.11/turn               (no ring)
MPRegen 0.00/turn               (no ring)

@: confused, flying
A: sickness immunity, fire resistance 2, cold vulnerability 1, float, innate
caster, HP casting, extra vitality 1
a: no special abilities


You were on level 3 of the Dungeon.
You visited 1 branch of the dungeon, and saw 3 of its levels.

You collected 100 gold pieces.

Inventory:

Hand Weapons
 e - a +2 dagger of draining (weapon)
Armour
 a - a +1 robe (worn)
Scrolls
 b - a scroll of identify {unknown}
 g - a scroll of magic mapping {unknown}
 i - a scroll of enchant armour
 j - a scroll of teleportation
 k - a scroll of vulnerability {unknown}
 l - a scroll of amnesia {unknown}
Potions
 c - a potion of attraction {unknown}
 f - a potion of lignification {unknown}
 h - a potion of brilliance {unknown}
 m - a potion of haste {unknown}


   Skills:
 + Level 4.0 Dodging
 - Level 1.5 Stealth
 + Level 3.3 Spellcasting


You couldn't memorise any spells.
You knew the following spells:

 Your Spells              Type           Power      Damage    Failure   Level
a - Foxfire               Conj/Fire      64%        2x1d7     3%          1
b - Scorch                Fire           32%        2d6       5%          2
c - Conjure Flame         Conj/Fire      16%        6-21      11%         3
d - Inner Flame           Hex/Fire       16%        N/A       11%         3
e - Flame Wave            Conj/Fire      16%        2d7       36%         4
f - Sting                 Tmut/Pois      64%        1d6       3%          1
g - Ensorcelled Hibernat  Hex/Ice        32%        N/A       5%          2
Your spell library was empty.

Dungeon Overview and Level Annotations

Branches:
Dungeon (3/15)

Altars:


Innate Abilities, Weirdness & Mutations

You are immune to sickness and miasma.
You are immune to poison.
Your flesh is very heat resistant. (rF++)
You are vulnerable to cold. (rC-)
You float through the air rather than walking.
You learn spells naturally, not from books.
Your magical power is your life essence.
You have superior vitality. (+4 MHP)


Message History

The orc is severely wounded.
The foxfire hits the orc.
You kill the orc!
Unknown command.
You start resting.
You start resting.
An orc wizard is nearby!
An orc wizard is nearby!
You start resting.
An orc wizard is nearby!
The orc wizard shouts!
The orc wizard hits you with a +0 quarterstaff!
Casting: Foxfire (safe; 3% risk of failure)
Confirm with . or Enter, or press ? or * to list all spells.
Flames lash the orc wizard.
The orc wizard is moderately wounded.
The orc wizard's fire resistance burns away.
The orc wizard closely misses you.
Unknown command.
Unknown command.
Casting: Scorch (safe; 5% risk of failure)
Confirm with . or Enter, or press ? or * to list all spells.
You conjure some foxfire!
The orc wizard casts a spell.
The orc wizard flickers and vanishes!
Something barely misses you.
Unknown command.
Your foxfire dissipates!
The foxfire hits something.
You hear some strange, mumbled words.
A magic dart appears from out of thin air!
The magic dart hits you. Something hits you.
* * * LOW HITPOINT WARNING * * *
You hear some strange, mumbled words.
You are confused.
Unknown command.
You bump into the rock wall.
You bump into the rock wall.
Something hits you!
You die...

.........# #.
#.#
.........#######
#####.#..##....
#.........#
#.........#
#.........#####
..........##..
#.$...)..##.#
##....)...##@#
#.....)...##.#
#.........##.#
#.........##.#
#............#
#....#########
#####


There were no monsters in sight!

Vanquished Creatures
  A gnoll (D:1)
  3 adders
  3 worms
  A dart slug (D:3)
  2 orcs (D:3)
  5 ball pythons
  5 bats
  4 endoplasms
  A giant cockroach (D:3)
  8 goblins
  5 hobgoblins
  7 kobolds
  A quokka (D:2)
  2 frilled lizards (D:2)
  3 rats
51 creatures vanquished.

Vanquished Creatures (others)
  125 foxfires
125 creatures vanquished.

Grand Total: 176 creatures vanquished

Notes
Turn   | Place    | Note
-------+----------+-------------------------------------------
     0 | D:1      | Mesmaeker13 the Djinni Fire Elementalist began the quest
                  | for the Orb.
     0 | D:1      | Mesmaeker13 set off with the following spells memorised:
                  | Foxfire, Scorch, Conjure Flame, Inner Flame, Flame Wave.
     0 | D:1      | Reached XP level 1. HP: 15/15 MP: 0/0
   192 | D:1      | Reached XP level 2. HP: 16/21 MP: 0/0
   519 | D:1      | Reached skill level 3 in Dodging
   519 | D:1      | Reached XP level 3. HP: 22/25 MP: 0/0
   519 | D:1      | Learned a level 1 spell: Sting
  1469 | D:2      | Reached XP level 4. HP: 30/31 MP: 0/0
  1593 | D:2      | Found a faded altar of an unknown god.
  2223 | D:3      | Reached skill level 4 in Dodging
  2223 | D:3      | Reached XP level 5. HP: 5/35 MP: 0/0
  2223 | D:3      | Learned a level 2 spell: Ensorcelled Hibernation
  2472 | D:3      | Slain by an orc wizard

Illustrated notes

Levels and vault maps discovered:
D:1:      nicolae_arrival_somewhat_less_tricky_arrival, layout_rooms,
          serial_rivers, chequers_serial_rivers_marsh,
          chequers_serial_rivers_room_a, chequers_serial_rivers_small_a,
          chequers_serial_rivers_small_3, chequers_serial_rivers_room_b
D:2:      layout_loops_ring, chequers_ecumenical_altar_island
D:3:      layout_basic

Skill      XL: |  1  2  3  4 |
---------------+-------------+-----
Dodging        | 3 4 |  4.0
Spellcasting   | 3 |  3.3
Stealth        | |  1.5

Action                   |  1- 3 |  4- 6 || total
-------------------------+-------+-------++-------
Melee: Dagger            |     2 |       ||     2
 Cast: Foxfire           |    47 |    35 ||    82
       Scorch            |       |     5 ||     5
       Conjure Flame     |       |     1 ||     1
  Use: Scroll            |       |     2 ||     2
       Potion            |       |     2 ||     2
Armor: Robe              |     4 |     1 ||     5
Dodge: Dodged            |     6 |     5 ||    11

Table legend: (Time is in decaauts)
 A = Elapsed time spent in this place.
 B = Non-inter-level travel time spent in this place.
 C = Inter-level travel time spent in this place.
 D = Time resting spent in this place.
 E = Time spent auto-exploring this place.
 F = Levels seen in this place.
 G = Mean time per level.
                   A        B        C        D        E       F      G
               +--------+--------+--------+--------+--------+-----+--------+
         Total |   2471 |   2376 |     95 |    230 |   1822 |   3 |  823.7 |
       Dungeon |   2471 |   2376 |     95 |    230 |   1822 |   3 |  823.7 |
               +--------+--------+--------+--------+--------+-----+--------+

Top non-repeatable levels by time:
     D:1: 1131 daAuts
     D:2: 848 daAuts
     D:3: 490 daAuts
